 Dungeon Crawl Stone Soup version 0.19.4-12-gccf7e64 (webtiles) character file.

42 Patwa the Chiller (level 3, 0/24 HPs)
             Began as a Vampire Ice Elementalist on Feb 27, 2017.
             Slain by a bat (1 damage)
             ... on level 1 of the Dungeon.
             The game lasted 00:12:01 (1801 turns).

Patwa the Chiller (Vampire Ice Elementalist)        Turns: 1801, Time: 00:12:02

Health: 0/24       AC:  5    Str:  7    XL:     3   Next: 33%
Magic:  2/6        EV: 16    Int: 18    God:
Gold:   25         SH:  0    Dex: 19    Spells: 3 memorised, 1 level left

rFire  + . .     SeeInvis +     e - -2 dagger (curse)
rCold  x . .     Gourm    .     i - +0 ring mail
rNeg   + . .     Faith    .     (no shield)
rPois  .         Spirit   .     (no helmet)
rElec  .         Reflect  .     (no cloak)
rCorr  .         Harm     .     (no gloves)
MR     .....                    (no boots)
Stlth  +++.......               (no amulet)
                                (no ring)
                                d - ring of fire

@: agile
A: fangs 3, see invisible, unbreathing
a: Bat Form


You were on level 1 of the Dungeon.
You were not thirsty.

You visited 1 branch of the dungeon, and saw 1 of its levels.

You collected 25 gold pieces.

Inventory:

Hand Weapons
 e - a cursed -2 dagger (weapon)
 h - a +0 club
 k - a +0 club
 n - a +0 club
Missiles
 f - 23 stones (quivered)
 o - 8 tomahawks
Armour
 a - a +0 robe
 i - a +0 ring mail (worn)
Jewellery
 d - a ring of fire (left hand)
Scrolls
 l - a scroll of teleportation {unknown}
Potions
 c - a potion of blood
 g - a potion of magic {unknown}
Books
 b - a book of Frost

   Spells                             Type                      Level
   a - Freeze                         Ice                          1
   b - Throw Frost                    Conjuration/Ice              2
   c - Ozocubu's Armour               Charms/Ice                   3
   d - Throw Icicle                   Conjuration/Ice              4
   e - Summon Ice Beast               Ice/Summoning                4
Comestibles
 j - a meat ration


   Skills:
 + Level 0.2 Short Blades
 + Level 0.1 Armour
 + Level 2.9 Dodging
 + Level 3.2 Stealth
 + Level 2.5 Spellcasting
 + Level 0.6 Conjurations
 + Level 3.4 Ice Magic


You had one spell level left.
You knew the following spells:

 Your Spells              Type           Power        Failure   Level  Hunger
a - Freeze                Ice            ##..         17%         1    #......
b - Throw Frost           Conj/Ice       #.....       41%         2    ##.....
c - Ozocubu's Armour      Chrm/Ice       #.......     89%         3    ###....


Dungeon Overview and Level Annotations

Branches:
Dungeon (1/15)

Altars:


Innate Abilities, Weirdness & Mutations

You have razor-sharp teeth.
You have supernaturally acute eyesight. (SInv)
You can survive without breathing.


Message History

Aiming: Freeze
Press: ? - help, Shift-Dir - straight line, f/p - gnoll
Aim: a gnoll (heavily wounded)
You freeze the gnoll.
You kill the gnoll!
The ooze quivers.
The bat barely misses you.
It was a potion of agility.
You feel agile all of a sudden. The bat misses you. The bat misses you.
The bat closely misses you. The bat hits you but does no damage.
The bat closely misses you. The bat hits you but does no damage.
You closely miss the bat. The bat hits you but does no damage.
The bat hits you.
* * * LOW HITPOINT WARNING * * *
The bat hits you.
You die...

...#.......S#.#.#
####.######
...#s.......#...##
#.........#
#..#........#....#
#.........#
#..#........#.##.#
#.........# ... #.##.##
#.........# .(
#.....####.........#
####'##.#J#...##.........#
........#.b##........#####
....###.##@#####...#.## ##
#....# #..##..# ######
#..###.# #####.###.##
#.......#..# #....##..#†#
#....###.#.## #....#
#.#..# #....###....###


You could see an ooze and a bat.

Vanquished Creatures
  A gnoll (D:1)
  An ooze (D:1)
  A leopard gecko (D:1)
  A ball python (D:1)
  3 bats (D:1)
  A giant cockroach (D:1)
  6 hobgoblins (D:1)
  6 kobolds (D:1)
  2 frilled lizards (D:1)
  A goblin (D:1)
  A rat (D:1)
24 creatures vanquished.

Notes
Turn   | Place    | Note
-------+----------+-------------------------------------------
     0 | D:1      | Patwa the Vampire Ice Elementalist began the quest for the Orb.
     0 | D:1      | Reached XP level 1. HP: 13/13 MP: 3/3
   252 | D:1      | Reached XP level 2. HP: 14/19 MP: 0/5
   606 | D:1      | Learned a level 2 spell: Throw Frost
  1291 | D:1      | Reached XP level 3. HP: 12/24 MP: 0/6
  1471 | D:1      | Learned a level 2 spell: Throw Frost
  1475 | D:1      | Learned a level 3 spell: Ozocubu's Armour
  1784 | D:1      | HP: 1/24 [gnoll (6)]
  1800 | D:1      | HP: 1/24 [bat (1)]
  1801 | D:1      | Slain by a bat

Action                   || total
-------------------------++-------
Melee: Unarmed           ||     3
       Dagger            ||    79
       Bite              ||     4
Throw: Stone             ||     7
 Cast: Freeze            ||    23
       Throw Frost       ||     6
  Use: Scroll            ||     1
       Potion            ||     1
 Stab: Sleeping          ||     1
  Eat: Corpse            ||     4
Armor: Robe              ||    12
       Ring mail         ||    50
Dodge: Dodged            ||   127
